 Dungeon Crawl Stone Soup version 0.32-a0-132-g2d33c3cfaf (webtiles) character file.

Game seed: 4886785830832595907

42 SmokeWeed the Sneak (level 3, 0/16 HPs)
             Began as a Vampire Enchanter on Feb 10, 2024.
             Slain by an adder (3 damage)
             ... on level 2 of the Dungeon.
             The game lasted 00:04:42 (1126 turns).

SmokeWeed the Sneak (Vampire Enchanter)             Turns: 1126, Time: 00:04:42

Health: 0/16       AC:  2    Str:  3 (7)  XL:     3   Next: 35%
Magic:  0/6        EV: 12    Int: 13 (17) God:
Gold:   43         SH:  0    Dex: 12 (16) Spells: 4/6 levels left

rFire   + . .        a - +2 dagger
rCold   . . .        (no shield)
rNeg    . . .        b - +0 robe
rPois   .            (no helmet)
rElec   .            (no cloak)
rCorr   .            (no gloves)
SInv    +            (no boots)
Will    .....        (no amulet)
Stlth   +++          f - ring of protection from fire
HPRegen 0.42/turn    (no ring)
MPRegen 0.10/turn

%: no passive effects
@: healing quickly, invisible
A: alive, fangs 3, see invisible, vampiric 2, [frail 3]
a: Exsanguinate


You were on level 2 of the Dungeon.
You visited 1 branch of the dungeon, and saw 2 of its levels.

You collected 43 gold pieces.

Inventory:

Hand Weapons
 a - a +2 dagger (weapon)
Armour
 b - a +0 robe (worn)
Jewellery
 f - a ring of protection from fire (left hand)
Scrolls
 g - 2 scrolls of identify {unknown}
 h - a scroll of fog {unknown}
 j - a scroll of revelation {unknown}
 k - a scroll of enchant weapon
Potions
 c - a potion of invisibility
 d - a potion of cancellation {unknown}
 e - a potion of mutation {unknown}
 i - a potion of brilliance {unknown}


   Skills:
 + Level 1.2 Short Blades
 + Level 2.2 Dodging
 + Level 5.4 Stealth
 + Level 2.3 Spellcasting
 + Level 5.3 Hexes


You had 4 spell levels left.
You knew the following spells:

 Your Spells              Type           Power      Damage    Failure   Level
a - Ensorcelled Hibernat  Hex/Ice        16%        N/A       12%         2

Your spell library contained the following spells:

 Spells                   Type           Power      Damage    Failure   Level
 Confusing Touch          Hex            15%        N/A       9%          3
 Tukima's Dance           Hex            15%        N/A       9%          3
 Magic Dart               Conj           4%         1d3       24%         1
 Dazzling Flash           Conj/Hex       16%        N/A       24%         3
 Blink                    Tloc           2%         N/A       36%         2
 Call Imp                 Summ           2%         N/A       36%         2


Dungeon Overview and Level Annotations

Branches:
Dungeon (2/15)

Altars:


Innate Abilities, Weirdness & Mutations

Your natural rate of healing is accelerated.
You have razor-sharp teeth.
You have supernaturally acute eyesight. (SInv)
You are afflicted with vampirism and can become a bat while bloodless.
[You are extremely frail. (-30% HP)]


Message History

You miss the adder.
The adder is heavily wounded.
You feel sick. The adder closely misses you.
You closely miss the adder.
The adder is heavily wounded.
You feel sick. The adder closely misses you. x2
You hit the adder but do no damage. Your bite misses the adder.
The adder is heavily wounded.
You feel sick. The adder bites you.
* * * LOW HITPOINT WARNING * * *
You are too injured to fight recklessly!
Aiming: Ensorcelled Hibernation (safe; 12% risk of failure)
Press: ? - help, Q - select action Shift-Dir - straight line, f - adder
Aim: an adder (heavily wounded, chance to affect: 50%)
The adder resists with some effort.
You feel sick. The adder completely misses you.
Aiming: Ensorcelled Hibernation (safe; 12% risk of failure)
Press: ? - help, Q - select action Shift-Dir - straight line, f/p - adder
Aim: an adder (heavily wounded, chance to affect: 50%)
The adder resists with some effort.
You feel sick. The adder misses you. The adder barely misses you.
Aiming: Ensorcelled Hibernation (safe; 12% risk of failure)
Press: ? - help, Q - select action Shift-Dir - straight line, f/p - adder
Aim: an adder (heavily wounded, chance to affect: 50%)
The adder resists with some effort.
You feel sick.
You are no longer poisoned.
The adder bites you.
* * * LOW HITPOINT WARNING * * *
You don't have enough magic to cast this spell.
Unknown command.
You fade into invisibility!
The adder closely misses you.
You hit the adder. You bite the adder, but do no damage.
The adder is severely wounded.
The adder closely misses you.
You miss the adder.
The adder is severely wounded.
The adder bites you.
You die...

##### ##...#########
##.............
#.......#######
#..........#
#.......##.# .#
##.....## .#####.#
####....####.......##
##......S@†...# ..#
.........#####........#
###.##.#.## #####..!#
... #..#.##########.#
### #.###S.........#
#.# ##...######.# ##
#.#...... ...
#.###.#### ...# ..# #.#
.....


You could see an adder (unable to see you).

Vanquished Creatures
  An adder (D:2)
  A dart slug (D:2)
  A bat (D:1)
  3 endoplasms
  2 giant cockroaches (D:1)
  3 goblins (D:1)
  A hobgoblin (D:1)
  4 jackals (D:1)
  2 kobolds (D:1)
  2 quokkas (D:1)
  4 ball pythons (D:1)
  2 frilled lizards
  A rat (D:1)
27 creatures vanquished.

Notes
Turn   | Place    | Note
-------+----------+-------------------------------------------
     0 | D:1      | SmokeWeed the Vampire Enchanter began the quest for the
                  | Orb.
     0 | D:1      | Reached XP level 1. HP: 13/13 MP: 3/3
   184 | D:1      | Found a faded altar of an unknown god.
   306 | D:1      | Reached XP level 2. HP: 13/13 MP: 5/5
   323 | D:1      | Learned a level 2 spell: Ensorcelled Hibernation
   378 | D:1      | Reached skill level 5 in Stealth
   576 | D:1      | Reached skill level 5 in Hexes
   970 | D:2      | Gained mutation: You are afflicted with vampirism and can
                  | become a bat while bloodless. [Vampire growth]
   970 | D:2      | Reached XP level 3. HP: 17/19 MP: 3/6
  1126 | D:2      | Slain by an adder

Illustrated notes

Levels and vault maps discovered:
D:1:      lemuel_arrival_river_ford, layout_loops_ring,
          ebering_ecumenical_altar_box, minmay_misc_feat_enclosed,
          chequers_arboretum, minmay_bisected
D:2:      minmay_wonky_spiral, layout_loops_ring, nicolae_underground_beach

Skill      XL: |  1  2 |
---------------+-------+-----
Stealth        | 5 |  5.4
Hexes          | 5 |  5.3
Short Blades   | |  1.2
Dodging        | |  2.2
Spellcasting   | |  2.3

Action                     || total
---------------------------++-------
  Melee: Dagger            ||    67
         Bite              ||     8
         Punch             ||     1
   Cast: Ensorcelled Hiber ||     8
Ability: Exsanguinate      ||     3
         Revivify          ||     4
         Bat Form          ||     2
         End Transformatio ||     1
    Use: Scroll            ||     1
         Potion            ||     1
   Stab: Sleeping          ||    15
 Armour: Robe              ||    32
         Skin              ||     1
  Dodge: Dodged            ||    52

Table legend: (Time is in decaauts)
 A = Elapsed time spent in this place.
 B = Non-inter-level travel time spent in this place.
 C = Inter-level travel time spent in this place.
 D = Time resting spent in this place.
 E = Time spent auto-exploring this place.
 F = Levels seen in this place.
 G = Mean time per level.
                   A        B        C        D        E       F      G
               +--------+--------+--------+--------+--------+-----+--------+
         Total |   1120 |   1048 |     72 |     54 |    667 |   2 |  560.0 |
       Dungeon |   1120 |   1048 |     72 |     54 |    667 |   2 |  560.0 |
               +--------+--------+--------+--------+--------+-----+--------+

Top non-repeatable levels by time:
     D:1: 1021 daAuts
     D:2: 99 daAuts
